 Dungeon Crawl Stone Soup version 0.26-a0-451-gacbe401039 (webtiles) character file.

Game seed: 16144847988045563113

21 JamesBald the Conjurer (level 3, 0/24 HPs)
             Began as a Human Conjurer on July 28, 2020.
             Slain by a hobgoblin
             ... wielding a +0 rapier
              (8 damage)
             ... on level 1 of the Dungeon.
             The game lasted 00:03:19 (1353 turns).

JamesBald the Conjurer (Human Conjurer)             Turns: 1353, Time: 00:03:19

Health: 0/24       AC:  3    Str:  7    XL:     3   Next: 5%
Magic:  2/6        EV: 12    Int: 19    God:
Gold:   54         SH:  0    Dex: 11    Spells: 5/6 levels left

rFire    . . .     SeeInvis .   j - +0 mace
rCold    . . .     Faith    .   (no shield)
rNeg     . . .     Spirit   .   a - +0 robe
rPois    .         Reflect  .   (no helmet)
rElec    .         Harm     .   c - +0 cloak
rCorr    .                      (no gloves)
MR       .....                  (no boots)
Stlth    ++........             (no amulet)
HPRegen  0.08/turn              (no ring)
MPRegen  0.10/turn              (no ring)

@: no status effects
A: no striking features
a: no special abilities


You were on level 1 of the Dungeon.
You visited 1 branch of the dungeon, and saw 2 of its levels.

You collected 54 gold pieces.

Inventory:

Hand Weapons
 b - a +0 club
 j - a +0 mace (weapon)
Missiles
 m - 20 bolts
Armour
 a - a +0 robe (worn)
 c - a +0 cloak (worn)
Jewellery
 k - an uncursed ring of ice
Scrolls
 d - a scroll of teleportation {unknown}
 h - 2 scrolls of identify {unknown}
 l - a scroll of remove curse {unknown}
Potions
 e - a potion of heal wounds {unknown}
 f - a potion of curing {unknown}
 g - a potion of brilliance {unknown}
 i - 2 potions of haste {unknown}
 n - a potion of magic {unknown}


   Skills:
 + Level 2.2 Dodging
 + Level 2.1 Stealth
 + Level 2.0 Spellcasting
 + Level 4.6 Conjurations


You had 5 spell levels left.
You knew the following spells:

 Your Spells              Type           Power        Failure   Level
a - Magic Dart            Conj           ###.         2%          1

Your spell library contained the following spells:

 Spells                   Type           Power        Failure   Level
 Searing Ray              Conj           ###...       3%          2
 Dazzling Flash           Conj/Hex       ##....       21%         3
 Fulminant Prism          Conj/Hex       ##........   54%         4
 Iskenderun's Mystic Bla  Conj/Tloc      ##......     54%         4


Dungeon Overview and Level Annotations

Branches:
Dungeon (2/15)

Altars:
Uskayaw

Annotations:
D:2 Sigmund


Message History

Found a club.
Found a hide-covered altar of Uskayaw.
Casting: Magic Dart (safe; 2% risk of failure)
Confirm with . or Enter, or press ? or * to list all spells.
Aiming: Magic Dart (safe; 2% risk of failure)
Press: ? - help, Shift-Dir - straight line, f - hobgoblin
Aim: a hobgoblin, wielding a +0 rapier The magic dart hits the hobgoblin.
The hobgoblin is moderately wounded.
The goblin shouts!
Sigmund gestures at you while chanting. The magic dart hits you!
There is a stone staircase leading up here.
The hobgoblin hits you with a +0 rapier.
You climb upwards.
There is a stone staircase leading down here.
You closely miss the hobgoblin.
The hobgoblin is lightly wounded.
The hobgoblin hits you with a +0 rapier.
The hobgoblin hits you with a +0 rapier!
You die...

##.......................##♣.#P♣.
#.#.............#........##♣<...
#.#.####.####.#....####.##♣.#P♣.
#.#.# #.# #.#.....##..# ##P#P♣
#.#.# #.# #.#.....##.## #####
#.#.# ##.# #.#.....##.# #.# #.#.#
#..# #.#>...###.# #.# #.#.# #.##
#.#g#.## #.# #.# #.#.# #.#
#.#@#.# #.# #.# #.#.###.##
#.#.#.# #.# #.#
#.#.##...####.#.#.####.#######.#
#.........(...>....>##..........
######...######.#.#.##..#####..#
#.........# #.#...^...#####..#
#.#######.# #.#..........##..#
#.# #.# #.....###.#......[ #.#
#.###.#.#####.##.##..#


You could see a hobgoblin.

Vanquished Creatures
  A leopard gecko (D:2)
  2 ball pythons
  A giant cockroach (D:2)
  4 hobgoblins
  A bat (D:1)
  3 frilled lizards (D:2)
  3 goblins (D:1)
  2 kobolds (D:2)
  3 rats
20 creatures vanquished.

Notes
Turn   | Place    | Note
-------+----------+-------------------------------------------
     0 | D:1      | JamesBald the Human Conjurer began the quest for the Orb.
     0 | D:1      | Reached XP level 1. HP: 13/13 MP: 3/3
   419 | D:1      | Reached XP level 2. HP: 19/19 MP: 3/5
  1339 | D:2      | Reached XP level 3. HP: 24/24 MP: 3/6
  1341 | D:2      | Found a hide-covered altar of Uskayaw.
  1341 | D:2      | Noticed Sigmund
  1353 | D:1      | Slain by a hobgoblin

Illustrated notes

Levels and vault maps discovered:
D:1:      tarquinn_simple_flora_water_d, layout_loops_ring
D:2:      layout_basic, eat_drink_and_be_merry_uskayaw, uniq_sigmund

Action                   || total
-------------------------++-------
Melee: Club              ||     3
       Mace              ||    11
 Cast: Magic Dart        ||    28
Armor: Robe              ||     5
Dodge: Dodged            ||    16

Table legend: (Time is in decaauts)
 A = Elapsed time spent in this place.
 B = Non-inter-level travel time spent in this place.
 C = Inter-level travel time spent in this place.
 D = Time resting spent in this place.
 E = Time spent auto-exploring this place.
 F = Levels seen in this place.
 G = Mean time per level.
                   A        B        C        D        E       F      G
               +--------+--------+--------+--------+--------+-----+--------+
         Total |   1357 |   1357 |      0 |    260 |    731 |   2 |  678.5 |
       Dungeon |   1357 |   1357 |      0 |    260 |    731 |   2 |  678.5 |
               +--------+--------+--------+--------+--------+-----+--------+

Top non-repeatable levels by time:
     D:1: 1018 daAuts
     D:2: 338 daAuts
